 Dungeon Crawl Stone Soup version 0.28-a0-1184-g53156a8862 (webtiles) character file.

Game seed: 3238499450549365311

66 gigimoi the Skirmisher (level 4, -5/41 HPs)
             Began as a Hill Orc Monk on Nov 29, 2021.
             Slain by Grinder (7 damage)
             ... while paralysed by Grinder
             ... on level 3 of the Dungeon on Dec 17, 2021.
             The game lasted 00:03:26 (2290 turns).

gigimoi the Skirmisher (Hill Orc Monk)              Turns: 2290, Time: 00:03:27

Health: -5/41      AC:  6    Str: 15    XL:     4   Next: 15%
Magic:  4/4        EV:  2    Int: 16    God:
Gold:   118        SH:  0    Dex: 13    Spells: 3/3 levels left

rFire   . . .      SeeInvis .   n - +4 dagger (elec)
rCold   . . .      Faith    .   (no shield)
rNeg    . . .      Spirit   .   o - +0 scale mail
rPois   .          Reflect  .   (no helmet)
rElec   .          Harm     .   (no cloak)
rCorr   .          Rampage  .   (no gloves)
Will    .....                   (no boots)
Stlth   +.........              (no amulet)
HPRegen 0.13/turn               f - +4 ring of evasion
MPRegen 0.09/turn               p - +6 ring of intelligence

@: paralysed
A: no striking features
a: no special abilities


You were on level 3 of the Dungeon.
You visited 1 branch of the dungeon, and saw 3 of its levels.

You collected 118 gold pieces.

Inventory:

Hand Weapons
 a - a +0 hand axe
 n - a +4 dagger of electrocution (weapon)
Armour
 o - a +0 scale mail (worn)
Jewellery
 f - a +4 ring of evasion (left hand)
 p - a +6 ring of intelligence (right hand)
Scrolls
 b - 2 scrolls of amnesia {unknown}
 d - 2 scrolls of fog {unknown}
 g - a scroll of enchant weapon {unknown}
 h - a scroll of immolation {unknown}
 i - 2 scrolls of brand weapon {unknown}
 l - a scroll of identify {unknown}
 m - a scroll of summoning {unknown}
Potions
 c - a potion of brilliance {unknown}
 e - a potion of haste {unknown}
 j - 2 potions of curing {unknown}
 k - a potion of attraction {unknown}


   Skills:
 * Level 4.6 Fighting
 + Level 4.6 Axes
 + Level 1.4 Armour
 - Level 2.4 Dodging
 + Level 2.2 Stealth


You had 3 spell levels left.
You didn't know any spells.
Your spell library contained the following spells:

 Spells                   Type           Power      Damage    Failure   Level
 Magic Dart               Conj           0%         1d3       69%         1
 Call Imp                 Summ           0%         N/A       83%         2
 Mephitic Cloud           Conj/Pois/Air  0%         N/A       96%         3


Dungeon Overview and Level Annotations

Branches:
Dungeon (3/15)

Altars:
Trog

Annotations:
D:3 Grinder


Message History

You hit Grinder.
Grinder is heavily wounded.
Grinder hits you.
You are too injured to fight recklessly!
You are too injured to fight recklessly!
You are too injured to fight recklessly!
You are too injured to fight recklessly!
You are too injured to fight recklessly!
You are too injured to fight recklessly!
You are too injured to fight recklessly!
You are too injured to fight recklessly!
You are too injured to fight recklessly!
You hit Grinder but do no damage.
Grinder is heavily wounded.
Grinder hits you but does no damage.
You hit Grinder.
Grinder is heavily wounded.
Grinder says, "Are you a fish?" Grinder hits you!
* * * LOW HITPOINT WARNING * * *
You hit Grinder but do no damage.
Grinder is heavily wounded.
Grinder closely misses you.
You hit Grinder. Lightning courses through Grinder!
Grinder is almost dead.
Grinder gestures at you.
You suddenly lose the ability to move!
Grinder gestures at you.
You barely resist. Grinder hits you.
* * * LOW HITPOINT WARNING * * *
You writhe in agony.
* * * LOW HITPOINT WARNING * * *
Grinder hits you but does no damage. Grinder hits you.
* * * LOW HITPOINT WARNING * * *
You writhe in agony.
* * * LOW HITPOINT WARNING * * *
Grinder hits you!
You die...

.<. .... ..... #... .
.....#####... #. ##
........)...# .##.###.
............# ........
............#######.....
........................
............###.........
.......@)...# .###....
.......5....# #...#
.........####.# #####
..............# #....
>#..).....##### #....
#....##..### #[...
###........### #....
...#.........# ##....
##...........#####.....


You could see Grinder.

Vanquished Creatures
  An adder (D:3)
  A worm (D:2)
  A dart slug (D:1)
  2 ball pythons
  8 endoplasms
  2 giant cockroaches (D:2)
  6 goblins
  4 hobgoblins
  2 jackals (D:2)
  A quokka (D:1)
  5 bats
  3 frilled lizards (D:1)
  8 kobolds
  4 rats (D:1)
48 creatures vanquished.

Notes
Turn   | Place    | Note
-------+----------+-------------------------------------------
     0 | D:1      | gigimoi the Hill Orc Monk began the quest for the Orb.
     0 | D:1      | Reached XP level 1. HP: 19/19 MP: 1/1
   106 | D:1      | Upgraded the game from 0.28-a0-938-gbc3f381ebc to
                  | 0.28-a0-1184-g53156a8862
   839 | D:1      | Reached XP level 2. HP: 27/27 MP: 2/2
  1472 | D:1      | Reached XP level 3. HP: 33/33 MP: 3/3
  1473 | D:1      | Reached skill level 1 in Armour
  1882 | D:2      | Found a bloodstained altar of Trog.
  2070 | D:2      | Found a faded altar of an unknown god.
  2115 | D:3      | Reached XP level 4. HP: 41/41 MP: 4/4
  2266 | D:3      | Noticed Grinder
  2275 | D:3      | Paralysed by Grinder for 4 turns
  2285 | D:3      | Paralysed by Grinder for 6 turns
  2289 | D:3      | HP: 2/41 [Grinder (2)]
  2290 | D:3      | Slain by Grinder

Illustrated notes

Levels and vault maps discovered:
D:1:      dpeg_arrival_three_same_balls, layout_basic, serial_curves,
          eino_curves_04, eino_curves_03, grunt_decor_fettered,
          minmay_misc_feat_hallway, minmay_tetromino_s4
D:2:      layout_rooms, basic_ecumenical_altar, basic_altar,
          nicolae_figureground_sparkle
D:3:      layout_rooms, uniq_grinder

Skill      XL: |  1  2  3 |
---------------+----------+-----
Fighting       | 4 |  4.6
Armour         | 1 |  1.4
Stealth        | 2 |  2.2
Axes           | |  4.6
Dodging        | |  2.4

Action                   |  1- 3 |  4- 6 || total
-------------------------+-------+-------++-------
Melee: Hand axe          |    47 |       ||    47
       Dagger            |    61 |    24 ||    85
 Stab: Sleeping          |     3 |       ||     3
Armor: Ring mail         |    21 |       ||    21
       Robe              |     5 |       ||     5
       Scale mail        |    18 |     6 ||    24
Dodge: Dodged            |    45 |    10 ||    55

Table legend: (Time is in decaauts)
 A = Elapsed time spent in this place.
 B = Non-inter-level travel time spent in this place.
 C = Inter-level travel time spent in this place.
 D = Time resting spent in this place.
 E = Time spent auto-exploring this place.
 F = Levels seen in this place.
 G = Mean time per level.
                   A        B        C        D        E       F      G
               +--------+--------+--------+--------+--------+-----+--------+
         Total |   2292 |   2160 |    132 |      0 |   1834 |   3 |  764.0 |
       Dungeon |   2292 |   2160 |    132 |      0 |   1834 |   3 |  764.0 |
               +--------+--------+--------+--------+--------+-----+--------+

Top non-repeatable levels by time:
     D:1: 1675 daAuts
     D:2: 407 daAuts
     D:3: 208 daAuts
